 Dungeon Crawl Stone Soup version 0.20.1-1-g8b1a95d (webtiles) character file.

999 Erymatos the Cleaver (level 8, -3/71 HPs)
             Began as a Minotaur Berserker on Oct 21, 2017.
             Was a Priest of Trog.
             Slain by an orc warrior
             ... wielding a +0 glaive
              (7 damage)
             ... on level 5 of the Dungeon.
             The game lasted 00:11:06 (3779 turns).

Erymatos the Cleaver (Minotaur Berserker)           Turns: 3779, Time: 00:11:06

Health: -3/71      AC: 10    Str: 24    XL:     8   Next: 0%
Magic:  7/7        EV:  9    Int:  4    God:    Trog [***...]
Gold:   286        SH:  3    Dex: 10    Spells: 7/7 levels left

rFire    . . .     SeeInvis .   a - +0 hand axe
rCold    + . .     Gourm    .   u - +0 buckler
rNeg     . . .     Faith    +   w - +0 chain mail
rPois    .         Spirit   .   (helmet restricted)
rElec    .         Reflect  .   d - +0 cloak
rCorr    .         Harm     .   (no gloves)
MR       .....                  (no boots)
Stlth    ..........             x - amulet of faith
Regen    0.3/turn               k - ring of protection from cold
MPRegen  0.1/turn               (no ring)

@: berserk cooldown, slowed, very slow
A: retaliatory headbutt, horns 2
a: Berserk, Trog's Hand, Burn Spellbooks, Renounce Religion


You were on level 5 of the Dungeon.
You worshipped Trog.
Trog was most pleased with you.
You were not hungry.

You visited 1 branch of the dungeon, and saw 5 of its levels.

You collected 286 gold pieces.

Inventory:

Hand Weapons
 a - a +0 hand axe (weapon)
Armour
 d - a +0 cloak (worn)
 u - a +0 buckler (worn)
 w - a +0 chain mail (worn)
Jewellery
 h - an uncursed amulet of harm
 k - a ring of protection from cold (left hand)
 x - an amulet of faith (around neck)
Scrolls
 b - 8 scrolls of identify {unknown}
 g - 4 scrolls of remove curse {unknown}
 i - 2 scrolls of magic mapping {unknown}
 o - a scroll of blinking {unknown}
 s - a scroll of enchant weapon {unknown}
 t - a scroll of noise {unknown}
 y - a scroll of teleportation {unknown}
Potions
 e - 2 potions of mutation {unknown}
 f - a potion of might {unknown}
 j - 3 potions of curing {unknown}
 n - a potion of berserk rage {unknown}
 p - 2 potions of heal wounds {unknown}
 r - 2 potions of degeneration {unknown}
 v - a potion of flight {unknown}
Comestibles
 c - 5 bread rations
 l - 3 fruits
 m - 3 royal jellies
 q - 3 meat rations


   Skills:
 + Level 6.8 Fighting
 + Level 8.2 Axes
 + Level 4.0 Armour
 + Level 4.6 Dodging
 + Level 1.4 Shields


You had 7 spell levels left.
You didn't know any spells.

Dungeon Overview and Level Annotations

Branches:
Dungeon (5/15)
 Temple: D:4-7

Altars:
Ashenzari
Hepliaklqana
Makhleb
Qazlal
Uskayaw
Vehumet
Zin
Beogh

Shops:
D:4 *


Innate Abilities, Weirdness & Mutations

You reflexively headbutt those who attack you in melee.
You have a pair of horns on your head.


Message History

You headbutt the orc warrior.
Unknown command.
You barely miss the orc warrior.
The orc warrior is moderately wounded.
The orc warrior barely misses you.
You completely miss the orc warrior.
The orc warrior is moderately wounded.
The orc warrior barely misses you.
You slash the orc warrior! Your headbutt misses the orc warrior.
The orc warrior is heavily wounded.
The orc warrior hits you but does no damage.
Unknown command.
You slash the orc warrior!
You headbutt the orc warrior, but do no damage.
The orc warrior is almost dead.
The orc warrior closely misses you.
You closely miss the orc warrior. Your headbutt misses the orc warrior.
The orc warrior is almost dead.
The orc warrior hits you with a glaive!
You die...

.........####......#
.........#..#......#
.........+..+......#
.........#..#......#
....#'####..#......#
....#.......#......#
....#...###'#....###+#####+
....#...#........#.........
....+...+.......@o[).......
.. #...#........##).##+##
#.###....######..#
###......# #.... #......#
#...... #......# #........
#......# #........ ...####
#........ ... #####...#


You could see an orc warrior.

Vanquished Creatures
  Eustachio (D:4)
  3 ogres
  A centaur (D:5)
  A howler monkey (D:4)
  3 orc wizards
  2 orc priests
  Terence (D:2)
  3 worker ants (D:5)
  2 iguanas
  8 adders
  4 dart slugs
  3 worms
  6 leopard geckos
  17 orcs
  3 giant cockroaches
  9 goblins
  7 hobgoblins
  6 jackals (D:4)
  2 quokkas
  3 ball pythons
  7 bats
  5 frilled lizards
  7 kobolds
  6 rats
110 creatures vanquished.

Notes
Turn   | Place    | Note
-------+----------+-------------------------------------------
     0 | D:1      | Erymatos the Minotaur Berserker began the quest for the Orb.
     0 | D:1      | Reached XP level 1. HP: 19/19 MP: 0/0
    93 | D:1      | Reached XP level 2. HP: 27/27 MP: 1/1
   298 | D:1      | Reached skill level 4 in Axes
   487 | D:2      | Reached XP level 3. HP: 33/33 MP: 2/2
   682 | D:2      | Reached ** piety under Trog
   694 | D:2      | Noticed Terence
   707 | D:2      | Killed Terence
   707 | D:2      | Reached XP level 4. HP: 25/41 MP: 3/3
  1159 | D:2      | Found a shattered altar of Ashenzari.
  1452 | D:3      | Found a hazy altar of Hepliaklqana.
  1604 | D:3      | Reached skill level 5 in Axes
  1652 | D:3      | Reached XP level 5. HP: 47/47 MP: 4/4
  1852 | D:3      | Found a roughly hewn altar of Beogh.
  1864 | D:3      | Reached skill level 5 in Fighting
  1935 | D:3      | Found a radiant altar of Vehumet.
  2282 | D:4      | Reached *** piety under Trog
  2352 | D:4      | Noticed Eustachio
  2365 | D:4      | Killed Eustachio
  2365 | D:4      | Reached skill level 6 in Axes
  2365 | D:4      | Reached XP level 6. HP: 56/56 MP: 5/5
  2392 | D:4      | Found Zin's Purification Station.
  2397 | D:4      | Found a glowing silver altar of Zin.
  2783 | D:4      | Reached XP level 7. HP: 62/62 MP: 6/6
  3036 | D:4      | Reached skill level 7 in Axes
  3064 | D:4      | Found a burning altar of Makhleb.
  3070 | D:4      | Found a stormy altar of Qazlal.
  3183 | D:5      | Entered Level 5 of the Dungeon
  3183 | D:5      | Found a hide-covered altar of Uskayaw.
  3423 | D:5      | Reached skill level 1 in Shields
  3622 | D:5      | Reached skill level 8 in Axes
  3769 | D:5      | Reached XP level 8. HP: 16/71 MP: 7/7
  3773 | D:5      | HP: 2/71 [orc warrior/glaive (10)]
  3779 | D:5      | Slain by an orc warrior

Skill      XL: |  1  2  3  4  5  6  7 |
---------------+----------------------+-----
Fighting       | 4 5 6 |  6.8
Axes           | 4 5 6 8 |  8.2
Dodging        | 3 4 |  4.6
Armour         | 3 4 |  4.0
Shields        | 1 |  1.4

Action                   |  1- 3 |  4- 6 |  7- 9 || total
-------------------------+-------+-------+-------++-------
Melee: Hand axe          |    65 |   125 |    71 ||   261
       Headbutt          |    14 |    24 |    13 ||    51
Invok: Berserk           |     1 |     5 |     3 ||     9
  Eat: Chunk             |       |    10 |     6 ||    16
       Royal jelly       |       |       |     1 ||     1
       Fruit             |       |       |     1 ||     1
Armor: Robe              |     9 |     9 |       ||    18
       Chain mail        |       |    25 |    24 ||    49
       Ring mail         |       |     2 |       ||     2
Dodge: Dodged            |    46 |    91 |    27 ||   164
Block: Buckler           |       |     3 |     6 ||     9
